 Dungeon Crawl Stone Soup version 0.31.0-12-g77e489cdc1 (webtiles) character file.

Game seed: 10967048799150149464

9431 Metae the Fighter (level 11, -4/99 HPs)
             Began as a Minotaur Gladiator on Mar 2, 2024.
             Was a Priest of Uskayaw.
             Slain by a komodo dragon (16 damage)
             ... on level 1 of the Lair of Beasts.
             The game lasted 00:33:35 (8846 turns).

Metae the Fighter (Minotaur Gladiator)              Turns: 8846, Time: 00:33:36

Health: -4/99      AC: 12    Str: 23    XL:     11   Next: 22%
Magic:  13/13      EV: 17    Int:  5    God:    Uskayaw [***...]
Gold:   717        SH:  0    Dex: 12    Spells: 10/10 levels left

rFire   . . .        y - +0 flail (drain)
rCold   . . .        (no shield)
rNeg    . . .        t - +0 chain mail
rPois   .            c - +0 hat
rElec   .            Q - +0 cloak
rCorr   .            (no gloves)
SInv    .            (no boots)
Will    .....        I - amulet of regeneration Stlth
                     r - +5 ring of evasion
HPRegen 1.16/turn    F - +4 ring of slaying
MPRegen 0.13/turn

%: no passive effects
@: studying Fighting
A: horns 2, retaliatory headbutt
a: Renounce Religion, Stomp, Line Pass


You were on level 1 of the Lair of Beasts.
You worshipped Uskayaw.
Uskayaw was noncommittal.
You visited 3 branches of the dungeon, and saw 11 of its levels.
You also visited: Bailey.

You collected 717 gold pieces.

Inventory:

Hand Weapons
 a - a +0 trident
 y - a +0 flail of draining (weapon)
Missiles
 d - 3 throwing nets (quivered)
 e - 25 javelins
 p - 2 silver javelins
 M - 35 poisoned darts
Armour
 c - a +0 hat (worn)
 t - a +0 chain mail (worn)
 Q - a +0 cloak (worn)
Jewellery
 h - an amulet of the acrobat
 n - a ring of resist corrosion
 r - a +5 ring of evasion (left hand)
 B - a ring of protection from cold
 F - a +4 ring of slaying (right hand)
 I - an amulet of regeneration (around neck)
Wands
 x - a wand of flame (17)
 H - a wand of mindburst (14)
 J - a wand of charming (9)
Scrolls
 g - 5 scrolls of teleportation
 k - 4 scrolls of amnesia
 u - a scroll of fear
 C - a scroll of summoning
 D - 2 scrolls of noise {unknown}
 G - 3 scrolls of enchant armour
 N - a scroll of torment
 R - 2 scrolls of identify
 T - a scroll of blinking {unknown}
Potions
 b - 4 potions of curing
 f - 3 potions of mutation {unknown}
 i - 2 potions of brilliance {unknown}
 j - a potion of magic {unknown}
 l - 2 potions of enlightenment {unknown}
 m - a potion of ambrosia {unknown}
 o - 2 potions of lignification {unknown}
 q - 3 potions of degeneration {unknown}
 s - a potion of invisibility {unknown}
 w - 4 potions of heal wounds
 z - 2 potions of might {unknown}
 A - a potion of attraction {unknown}
 E - 3 potions of berserk rage {unknown}
 K - a potion of haste {unknown}
 L - 2 potions of resistance {unknown}
Miscellaneous
 v - a phantom mirror


   Skills:
 + Level 9.9 Fighting
 + Level 8.2 Maces & Flails
 - Level 5.7 Polearms
 - Level 2.0 Throwing
 + Level 9.3 Armour
 + Level 9.2 Dodging
 + Level 4.1 Invocations
 + Level 6.1 Evocations


You had 10 spell levels left.
You didn't know any spells.
Your spell library contained the following spells:

 Spells                   Type           Power      Damage    Failure   Level
 Shock                    Conj/Air       0%         1d3       94%         1
 Slow                     Hex            0%         N/A       94%         1
 Blink                    Tloc           0%         N/A       98%         2
 Lesser Beckoning         Tloc           0%         N/A       98%         2
 Momentum Strike          Conj/Tloc      0%         3d8       98%         2
 Confusing Touch          Hex            0%         N/A       100%        3
 Sigil of Binding         Hex            0%         N/A       100%        3
 Swiftness                Air            0%         N/A       100%        3
 Vampiric Draining        Necr           0%         2d6       100%        3
 Airstrike                Air            0%         2d(0-16)  100%        4


Dungeon Overview and Level Annotations

Branches:
Dungeon (9/15)             Temple (1/1) D:7            Lair (1/5) D:9
 Bailey (visited)
    Orc: D:9-12

Altars:
Ashenzari
Cheibriados
Dithmenos
Elyvilon
Fedhas
Gozag
Hepliaklqana
Kikubaaqudgha
Makhleb
Nemelex Xobeh
Okawaru
Qazlal
Ru
Sif Muna
Trog
Uskayaw
Vehumet
Wu Jian
Xom
Yredelemnul
Zin
The Shining One

Shops:
D:4 =


Innate Abilities, Weirdness & Mutations

You have a pair of horns on your head.
You reflexively headbutt those who attack you in melee.


Message History

You headbutt the yak. The komodo dragon bites you!
You are too injured to fight recklessly!
You are too injured to fight recklessly!
You are too injured to fight recklessly!
You are too injured to fight recklessly!
You sock the yak! You headbutt the yak.
The yak is moderately wounded.
You feel sick. The yak closely misses you. The komodo dragon misses you.
You furiously retaliate!
You headbutt the komodo dragon.
Uskayaw will force your foes to helplessly watch your dance.
Uskayaw prepares the audience for your solo!
The helpless yak fails to defend itself.
You hit the yak. You drain the yak.
The yak is heavily wounded.
You feel sick.
The komodo dragon is no longer paralysed.
The komodo dragon bites you!!
* * * LOW HITPOINT WARNING * * *
The helpless yak fails to defend itself.
You hit the yak. You headbutt the yak!
The yak is almost dead.
You feel sick.
The yak is no longer paralysed.
The yak barely misses you. The komodo dragon bites you!
* * * LOW HITPOINT WARNING * * *
It was a potion of curing.
You feel better. The yak gores you.
* * * LOW HITPOINT WARNING * * *
The komodo dragon bites you.
* * * LOW HITPOINT WARNING * * *
It was a potion of heal wounds.
You feel much better. The yak gores you but does no damage.
The komodo dragon bites you!!
* * * LOW HITPOINT WARNING * * *
Unknown command.
You hit the yak but do no damage. You drain the yak.
The yak is almost dead.
The yak gores you but does no damage. The komodo dragon misses you.
You furiously retaliate!
You headbutt the komodo dragon! You hit the yak. You headbutt the yak.
The yak is almost dead.
The yak gores you but does no damage. The komodo dragon bites you!
You die...

.. ... # #.
.##... #.#.
.#... .#.
...# ..##...
# #....#
#.#†...#
..#...@..#
.......lY.#
..........#
...#$#...#..
..
#.#...#....
. # #....
..## #..##
.## #..# #
#..


You could see a komodo dragon and a yak (drained).

Vanquished Creatures
  Pikel (D:7)
  A black mamba (Lair:1)
  Maggie (D:7)
  A komodo dragon (D:9)
  2 trolls
  A shadow (D:9)
  4 wyverns (D:9)
  A yak (D:9)
  A basilisk (D:9)
  2 acid dragons
  A water moccasin (D:7)
  A black bear (D:5)
  13 orc warriors
  A swamp drake (D:9)
  An ice beast (D:8)
  A sky beast (D:7)
  5 ogres
  15 centaurs
  4 kobold brigands
  5 bullfrogs
  5 scorpions
  7 wights
  12 killer bees
  A howler monkey (D:5)
  4 hounds
  A jelly (D:5)
  3 bombardier beetles
  A gnoll bouda (D:5)
  9 orc priests
  4 sleepcaps
  5 iguanas (D:5)
  10 orc wizards
  8 gnolls
  4 adders
  3 shadow imps (D:5)
  An ufetubus (D:7)
  2 dart slugs
  3 ribbon worms
  62 orcs
  13 endoplasms
  2 giant cockroaches
  14 goblins
  8 hobgoblins
  7 jackals
  8 quokkas
  5 ball pythons
  7 bats
  5 frilled lizards
  22 kobolds
  5 rats
303 creatures vanquished.

Vanquished Creatures (others)
  An orc wizard (D:5)
  An orc (Bailey)
2 creatures vanquished.

Grand Total: 305 creatures vanquished

Notes
Turn   | Place    | Note
-------+----------+-------------------------------------------
     0 | D:1      | Metae the Minotaur Gladiator began the quest for the Orb.
     0 | D:1      | Reached XP level 1. HP: 18/18 MP: 0/0
    47 | D:1      | Reached XP level 2. HP: 25/25 MP: 1/1
    48 | D:1      | Reached skill level 1 in Armour
   360 | D:1      | Reached XP level 3. HP: 31/31 MP: 2/2
   441 | D:1      | You fall into a shaft and drop 1 floor!
   526 | D:2      | Found a faded altar of an unknown god.
   527 | D:2      | Noticed a shining eye
   530 | D:2      | Noticed a shining eye
   530 | D:2      | Noticed a glass eye
   530 | D:2      | Noticed a great orb of eyes
   987 | D:3      | Reached XP level 4. HP: 38/38 MP: 3/3
  1163 | D:3      | Found a snail-covered altar of Cheibriados.
  1368 | D:3      | Reached XP level 5. HP: 17/46 MP: 4/4
  1854 | D:4      | Reached skill level 5 in Polearms
  1961 | D:4      | Found Anolule's Jewellery Boutique.
  2175 | D:4      | Reached XP level 6. HP: 50/52 MP: 5/5
  2816 | D:4      | Reached skill level 5 in Dodging
  3092 | D:5      | Entered Level 5 of the Dungeon
  3206 | D:5      | Reached XP level 7. HP: 59/60 MP: 6/6
  3402 | D:5      | Reached skill level 5 in Fighting
  3407 | D:5      | Reached skill level 1 in Maces & Flails
  3409 | D:5      | Reached skill level 1 in Evocations
  3820 | D:5      | Reached skill level 5 in Armour
  3822 | D:5      | Reached XP level 8. HP: 67/70 MP: 7/7
  4761 | D:6      | Reached XP level 9. HP: 63/78 MP: 8/8
  4785 | D:6      | Noticed a troll
  4792 | D:6      | Killed a troll
  5052 | D:6      | Reached skill level 5 in Maces & Flails
  5360 | D:7      | Found a staircase to the Ecumenical Temple.
  5373 | Temple   | Entered the Ecumenical Temple
  5414 | Temple   | Became a worshipper of Uskayaw the Reveller
  5462 | D:7      | Reached * piety under Uskayaw
  5466 | D:7      | Reached ** piety under Uskayaw
  5467 | D:7      | Found a flagged portal.
  5478 | Bailey   | Entered a bailey
  5672 | Bailey   | Reached *** piety under Uskayaw
  5675 | Bailey   | Reached **** piety under Uskayaw
  6209 | Bailey   | Reached skill level 1 in Invocations
  6230 | Bailey   | Reached XP level 10. HP: 60/88 MP: 9/9
  6569 | D:7      | Noticed Pikel
  6576 | D:7      | Killed Pikel
  6577 | D:7      | Reached skill level 5 in Evocations
  6678 | D:7      | Reached ***** piety under Uskayaw
  6816 | D:7      | Noticed Maggie
  6823 | D:7      | Killed Maggie
  7566 | D:8      | Found an ancient bone altar of Kikubaaqudgha.
  7599 | D:8      | Found a white marble altar of Elyvilon.
  7613 | D:8      | Found a broken altar of Ashenzari.
  7616 | D:8      | Found an opulent altar of Gozag.
  7635 | D:8      | Found an iron altar of Okawaru.
  8175 | D:9      | Reached XP level 11. HP: 86/97 MP: 12/12
  8195 | D:9      | Found a staircase to the Lair.
  8339 | D:9      | Identified a scroll of acquirement
  8339 | D:9      | Acquired a manual of Fighting
  8832 | Lair:1   | Entered Level 1 of the Lair of Beasts
  8843 | Lair:1   | HP: 3/99 [komodo dragon (3)]
  8846 | Lair:1   | Slain by a komodo dragon

Illustrated notes

Levels and vault maps discovered:
D:1:      lemuel_arrival_room, layout_basic
D:2:      layout_rooms, hellmonk_ecumenical_altar_watching_god, nrook_campfire
D:3:      layout_loops_ring, slow_altar_2
D:4:      layout_basic, serial_shops, shop_coins, minmay_liquid_box
D:5:      layout_basic, minmay_joined_circles
D:6:      layout_loops_ring, hellmonk_no_cap
D:7:      layout_basic, minmay_temple_entry_waves, enter_bailey_5,
          serial_corexii_hall, chequers_hall_statues_wall_a,
          corexii_hall_statues_s, minmay_chambers_of_fives, uniq_pikel,
          uniq_maggie
D:8:      layout_basic, minmay_overflow_temple_star_hex
D:9:      minmay_inner_zag, layout_gridville, erik_lair_dragon
Temple:   kb_temple_of_zot
Lair:1:   layout_long_grid, gammafunk_lair_bear_cave, infiniplex_staircase_pool,
          grunt_megastairs_4, serial_bayou_shore_b

Skill      XL: |  1  2  3  4  5  6  7  8  9 10 11 |
---------------+----------------------------------+-----
Armour         | 1 2 3 4 5 6 7 9 |  9.3
Polearms       | 4 5 |  5.7
Fighting       | 3 4 5 6 8 9 |  9.9
Dodging        | 4 5 6 8 9 |  9.2
Maces & Flails | 2 4 6 7 8 |  8.2
Evocations     | 2 3 4 5 6 |  6.1
Invocations    | 1 3 4 |  4.1
Throwing       | |  2.0

Action                     |  1- 3 |  4- 6 |  7- 9 | 10-12 || total
---------------------------+-------+-------+-------+-------++-------
  Melee: Trident           |    97 |   161 |       |       ||   258
         Headbutt          |    15 |    26 |    43 |    52 ||   136
         Punch             |       |     1 |     4 |     2 ||     7
         Flail             |       |     3 |   204 |   211 ||   418
  Evoke: Wand              |       |       |     2 |       ||     2
    Use: Scroll            |       |       |     9 |     3 ||    12
         Potion            |       |       |       |     2 ||     2
   Stab: Sleeping          |     1 |       |       |       ||     1
         Paralysed         |       |       |     4 |    16 ||    20
 Armour: Leather armour    |    39 |    19 |       |       ||    58
         Chain mail        |       |    40 |   199 |   162 ||   401
  Dodge: Dodged            |    53 |    97 |   305 |   228 ||   683
